[ AOE2 MATCH · #489471737 ]
Team RMKhmer vs Burmese
[ REPLAY ANALYSIS · EXTRACTED FROM THE RECORDED GAME ]
Feudal
10:56
Castle
—
Imperial
—
| APM avg | 40.1 |
| APM peak | 96 |
| eAPM avg | 17.7 |
| Villagers / military | 28 / 0 |
Focus
⚔️ 41.8% · 🌾 58.2%
Feudal
9:00
Castle
—
Imperial
—
| APM avg | 25.7 |
| APM peak | 39 |
| eAPM avg | 14.6 |
| Villagers / military | 46 / 0 |
Focus
⚔️ 12.8% · 🌾 87.2%
Feudal
8:11
Castle
—
Imperial
—
| APM avg | 40.1 |
| APM peak | 71 |
| eAPM avg | 18.0 |
| Villagers / military | 28 / 0 |
Focus
⚔️ 27.5% · 🌾 72.5%
Feudal
9:46
Castle
—
Imperial
—
| APM avg | 34.5 |
| APM peak | 59 |
| eAPM avg | 18.7 |
| Villagers / military | 32 / 0 |
Focus
⚔️ 36.9% · 🌾 63.1%
Feudal
—
Castle
—
Imperial
—
| APM avg | 26.7 |
| APM peak | 66 |
| eAPM avg | 13.9 |
| Villagers / military | 43 / 0 |
Focus
⚔️ 23.6% · 🌾 76.4%
Feudal
10:07
Castle
—
Imperial
—
| APM avg | 70.2 |
| APM peak | 113 |
| eAPM avg | 40.4 |
| Villagers / military | 31 / 0 |
Focus
⚔️ 45.3% · 🌾 54.7%
Feudal
12:20
Castle
—
Imperial
—
| APM avg | 24.0 |
| APM peak | 52 |
| eAPM avg | 14.2 |
| Villagers / military | 38 / 0 |
Focus
⚔️ 24.1% · 🌾 75.9%
Feudal
8:15
Castle
—
Imperial
—
| APM avg | 46.3 |
| APM peak | 69 |
| eAPM avg | 20.7 |
| Villagers / military | 31 / 0 |
Focus
⚔️ 34.2% · 🌾 65.8%
Match map
Initial resources + every placement click. Lines = walls · curves = elevation contours. ◆ gold · ⬟ stone · ● berries · ✦ relic · ◌ wall gap
Your base· ✓ Closed at 11:23 · 0t walls · 3 gate(s)
vR-MrReD's base· ✓ Closed at 12:00 · 0t walls · 5 gate(s)
Alex Kriz Froz's base· ✓ Closed at 12:00 · 6t walls · 3 gate(s)
Jaxto's base· ✓ Closed at 12:00 · 9t walls · 4 gate(s)
Nubsinc's base· ✓ Closed at 12:00 · 0t walls · 2 gate(s) · fragile
Nedture's base· ✓ Closed at 11:22 · 0t walls · 2 gate(s)
Peripatetic Punani's base· ✓ Closed at 12:00 · 0t walls · 3 gate(s)
DL | Lich's base· ✓ Closed at 12:00 · 0t walls · 2 gate(s)
Smoothed initial terrain · ◌ = detected wall gap · hover for details
Inputs per minute
— DL | Tortafuller - - vR-MrReD
Build order — DL | Tortafuller
49 actions detected in the replay
| 0:01 | Create | Villager (Male) |
| 0:01 | Create | Villager (Male) |
| 0:01 | Create | Villager (Male) |
| 0:02 | Create | Villager (Male) |
| 0:02 | Create | Villager (Male) |
| 0:03 | Build | House |
| 0:04 | Build | House |
| 1:27 | Create | Villager (Male) |
| 1:28 | Create | Villager (Male) |
| 1:52 | Build | Lumber Camp |
| 1:56 | Create | Villager (Male) |
| 1:56 | Create | Villager (Male) |
| 2:24 | Create | Villager (Male) |
| 2:25 | Create | Villager (Male) |
| 2:52 | Create | Villager (Male) |
| 2:52 | Create | Villager (Male) |
| 3:17 | Create | Villager (Male) |
| 3:17 | Create | Villager (Male) |
| 3:17 | Create | Villager (Male) |
| 3:24 | Build | House |
| 3:25 | Build | House |
| 4:05 | Create | Villager (Male) |
| 4:28 | Create | Villager (Male) |
| 4:28 | Create | Villager (Male) |
| 4:45 | Create | Villager (Male) |
| 5:08 | Create | Villager (Male) |
| 5:18 | Build | Mill |
| 5:20 | Create | Villager (Male) |
| 6:05 | Create | Villager (Male) |
| 6:10 | Create | Villager (Male) |
| 6:36 | Build | Farm |
| 6:58 | Build | Farm |
| 7:00 | Create | Villager (Male) |
| 7:09 | Create | Villager (Male) |
| 7:12 | Build | House |
| 7:55 | Create | Villager (Male) |
| 7:56 | Create | Villager (Male) |
| 8:23 | Build | Mining Camp |
| 8:25 | Research | Feudal Age |
| 9:01 | Build | Farm |
| 9:22 | Build | Farm |
| 9:55 | Build | Farm |
| 10:20 | Build | Farm |
| 10:56 | Age | Feudal Age |
| 11:23 | Research | Castle Age |
| 11:23 | Research | Castle Age |
| 11:55 | Research | Double-Bit Axe |
| 12:06 | Research | Horse Collar |
| 12:06 | Research | Horse Collar |
Build order — vR-MrReD
78 actions detected in the replay
| 0:02 | Create | Villager (Male) |
| 0:02 | Create | Villager (Male) |
| 0:02 | Create | Villager (Male) |
| 0:02 | Create | Villager (Male) |
| 0:02 | Create | Villager (Male) |
| 0:05 | Build | House |
| 0:06 | Build | House |
| 1:25 | Create | Villager (Male) |
| 1:25 | Create | Villager (Male) |
| 1:45 | Build | Lumber Camp |
| 2:05 | Create | Villager (Male) |
| 2:18 | Create | Villager (Male) |
| 2:18 | Create | Villager (Male) |
| 2:18 | Create | Villager (Male) |
| 2:35 | Build | House |
| 2:46 | Create | Villager (Male) |
| 3:02 | Create | Villager (Male) |
| 3:02 | Create | Villager (Male) |
| 3:35 | Create | Villager (Male) |
| 3:36 | Create | Villager (Male) |
| 3:36 | Create | Villager (Male) |
| 3:50 | Create | Villager (Male) |
| 3:50 | Create | Villager (Male) |
| 4:08 | Create | Villager (Male) |
| 4:08 | Create | Villager (Male) |
| 4:15 | Build | Mill |
| 4:35 | Create | Villager (Male) |
| 4:36 | Create | Villager (Male) |
| 5:04 | Create | Villager (Male) |
| 5:05 | Create | Villager (Male) |
| 5:05 | Create | Villager (Male) |
| 5:08 | Create | Villager (Male) |
| 5:09 | Research | Loom |
| 6:50 | Research | Feudal Age |
| 6:50 | Research | Feudal Age |
| 7:11 | Build | Palisade Gate |
| 7:14 | Build | Palisade Gate |
| 7:25 | Build | Palisade Gate |
| 7:26 | Create | Villager (Male) |
| 7:30 | Build | House |
| 7:32 | Build | House |
| 7:39 | Build | Palisade Gate |
| 7:54 | Build | House |
| 8:39 | Create | Villager (Male) |
| 9:00 | Age | Feudal Age |
| 9:03 | Build | Town Center |
| 9:18 | Research | Wheelbarrow |
| 9:27 | Create | Villager (Male) |
| 10:27 | Create | Villager (Male) |
| 10:30 | Research | Double-Bit Axe |
| 10:30 | Research | Double-Bit Axe |
| 10:40 | Create | Villager (Male) |
| 10:41 | Create | Villager (Male) |
| 10:45 | Build | Farm |
| 11:05 | Create | Villager (Male) |
| 11:05 | Create | Villager (Male) |
| 11:24 | Create | Villager (Male) |
| 11:38 | Create | Villager (Male) |
| 11:38 | Create | Villager (Male) |
| 11:42 | Build | Farm |
| 11:43 | Build | Farm |
| 11:52 | Build | Farm |
| 11:53 | Build | Farm |
| 12:04 | Build | Farm |
| 12:12 | Build | Farm |
| 12:17 | Create | Villager (Male) |
| 12:17 | Create | Villager (Male) |
| 12:20 | Create | Villager (Male) |
| 12:20 | Create | Villager (Male) |
| 12:21 | Create | Villager (Male) |
| 12:28 | Build | Farm |
| 12:32 | Build | Farm |
| 12:33 | Create | Villager (Male) |
| 12:33 | Create | Villager (Male) |
| 12:33 | Create | Villager (Male) |
| 12:50 | Build | House |
| 12:57 | Build | House |
| 13:02 | Build | Palisade Wall |
Build order — Alex Kriz Froz
51 actions detected in the replay
| 0:02 | Create | Villager (Male) |
| 0:02 | Create | Villager (Male) |
| 0:03 | Build | House |
| 0:05 | Build | House |
| 0:23 | Create | Villager (Male) |
| 0:35 | Create | Villager (Male) |
| 1:46 | Create | Villager (Male) |
| 1:47 | Create | Villager (Male) |
| 1:47 | Create | Villager (Male) |
| 2:08 | Build | Mill |
| 2:36 | Create | Villager (Male) |
| 2:36 | Create | Villager (Male) |
| 2:36 | Create | Villager (Male) |
| 2:59 | Create | Villager (Male) |
| 3:08 | Create | Villager (Male) |
| 3:09 | Create | Villager (Male) |
| 3:37 | Create | Villager (Male) |
| 4:41 | Create | Villager (Male) |
| 4:51 | Build | Lumber Camp |
| 4:57 | Create | Villager (Male) |
| 5:22 | Research | Loom |
| 6:01 | Research | Feudal Age |
| 7:11 | Build | Mining Camp |
| 7:20 | Create | Villager (Male) |
| 7:53 | Create | Villager (Male) |
| 8:11 | Age | Feudal Age |
| 8:16 | Build | Watch Tower |
| 8:23 | Build | House |
| 8:42 | Build | House |
| 8:48 | Create | Villager (Male) |
| 9:11 | Build | Stone Wall |
| 9:12 | Build | Stone Wall |
| 9:29 | Create | Villager (Male) |
| 9:42 | Build | Mill |
| 9:46 | Create | Villager (Male) |
| 10:16 | Create | Villager (Male) |
| 10:24 | Build | Stone Wall |
| 10:27 | Build | Stone Wall |
| 10:31 | Build | Stone Wall |
| 10:34 | Build | Stone Wall |
| 10:55 | Create | Villager (Male) |
| 10:57 | Create | Villager (Male) |
| 11:14 | Create | Villager (Male) |
| 11:53 | Build | Farm |
| 11:53 | Build | Farm |
| 11:53 | Build | Farm |
| 12:06 | Create | Villager (Male) |
| 12:25 | Build | Watch Tower |
| 12:38 | Create | Villager (Male) |
| 12:46 | Build | House |
| 12:53 | Create | Villager (Male) |
Build order — Jaxto
46 actions detected in the replay
| 0:01 | Create | Villager (Male) ×4 |
| 0:02 | Build | House |
| 0:03 | Build | House |
| 1:12 | Build | Palisade Gate |
| 1:28 | Build | House |
| 1:40 | Create | Villager (Male) |
| 1:41 | Create | Villager (Male) |
| 2:13 | Build | Palisade Wall |
| 2:18 | Build | Palisade Wall |
| 2:26 | Create | Villager (Male) |
| 2:27 | Create | Villager (Male) |
| 2:59 | Create | Villager (Male) |
| 3:09 | Create | Villager (Male) |
| 3:10 | Create | Villager (Male) |
| 3:45 | Create | Villager (Male) |
| 4:32 | Create | Villager (Male) |
| 4:32 | Create | Villager (Male) |
| 4:51 | Create | Villager (Male) |
| 5:19 | Build | Lumber Camp |
| 5:22 | Create | Villager (Male) |
| 5:25 | Create | Villager (Male) |
| 5:30 | Create | Villager (Male) |
| 5:35 | Create | Villager (Male) |
| 5:37 | Create | Villager (Male) |
| 5:48 | Create | Villager (Male) |
| 6:12 | Create | Villager (Male) |
| 6:32 | Create | Villager (Male) |
| 6:56 | Build | Mining Camp |
| 7:11 | Research | Loom |
| 7:25 | Research | Feudal Age |
| 7:30 | Create | Villager (Male) |
| 8:36 | Create | Villager (Male) |
| 8:42 | Create | Villager (Male) |
| 8:42 | Create | Villager (Male) |
| 8:45 | Build | Mining Camp |
| 9:15 | Build | House |
| 9:27 | Create | Villager (Male) |
| 9:40 | Create | Villager (Male) |
| 9:43 | Create | Villager (Male) |
| 9:46 | Age | Feudal Age |
| 9:53 | Build | Watch Tower |
| 10:10 | Build | Blacksmith |
| 10:46 | Research | Fletching |
| 11:14 | Create | Villager (Male) |
| 12:15 | Build | Mill |
| 13:03 | Create | Villager (Male) |
Build order — Nubsinc
57 actions detected in the replay
| 0:02 | Create | Villager (Male) |
| 0:02 | Create | Villager (Male) |
| 0:03 | Create | Villager (Male) |
| 0:03 | Create | Villager (Male) |
| 0:03 | Create | Villager (Male) |
| 0:06 | Build | House |
| 0:08 | Build | House |
| 1:21 | Create | Villager (Male) |
| 1:58 | Create | Villager (Male) |
| 1:58 | Create | Villager (Male) |
| 2:33 | Create | Villager (Male) |
| 2:33 | Create | Villager (Male) |
| 2:34 | Create | Villager (Male) |
| 2:40 | Build | Lumber Camp |
| 2:50 | Create | Villager (Male) |
| 2:50 | Create | Villager (Male) |
| 3:03 | Build | House |
| 3:05 | Build | House |
| 3:16 | Create | Villager (Male) |
| 3:43 | Create | Villager (Male) |
| 3:47 | Create | Villager (Male) |
| 3:48 | Create | Villager (Male) |
| 4:15 | Create | Villager (Male) |
| 4:15 | Create | Villager (Male) |
| 4:36 | Create | Villager (Male) |
| 4:36 | Create | Villager (Male) |
| 4:37 | Create | Villager (Male) |
| 4:38 | Create | Villager (Male) |
| 4:38 | Create | Villager (Male) |
| 5:29 | Build | Mining Camp |
| 5:32 | Create | Villager (Male) |
| 5:51 | Research | Loom |
| 6:16 | Research | Loom |
| 6:17 | Research | Loom |
| 6:31 | Create | Villager (Male) |
| 6:31 | Create | Villager (Male) |
| 6:34 | Create | Villager (Male) |
| 6:34 | Create | Villager (Male) |
| 6:35 | Create | Villager (Male) |
| 6:35 | Create | Villager (Male) |
| 7:02 | Create | Villager (Male) |
| 7:02 | Create | Villager (Male) |
| 7:11 | Create | Villager (Male) |
| 7:11 | Create | Villager (Male) |
| 7:11 | Create | Villager (Male) |
| 7:31 | Create | Villager (Male) |
| 7:31 | Create | Villager (Male) |
| 7:32 | Create | Villager (Male) |
| 7:33 | Create | Villager (Male) |
| 7:50 | Build | Mill |
| 8:06 | Build | Outpost |
| 8:06 | Create | Villager (Male) |
| 8:07 | Create | Villager (Male) |
| 8:07 | Create | Villager (Male) |
| 8:52 | Research | Loom |
| 9:15 | Build | Mining Camp |
| 9:52 | Research | Feudal Age |
Build order — Nedture
64 actions detected in the replay
| 0:02 | Create | Villager (Male) |
| 0:02 | Create | Villager (Male) |
| 0:03 | Build | House |
| 0:05 | Build | House |
| 0:06 | Create | Villager (Male) |
| 0:13 | Create | Villager (Male) |
| 0:14 | Create | Villager (Male) |
| 1:27 | Create | Villager (Male) |
| 1:27 | Create | Villager (Male) |
| 1:59 | Build | Lumber Camp |
| 1:59 | Create | Villager (Male) |
| 2:07 | Create | Villager (Male) |
| 2:08 | Create | Villager (Male) |
| 2:44 | Create | Villager (Male) |
| 2:44 | Create | Villager (Male) |
| 3:05 | Create | Villager (Male) |
| 3:34 | Create | Villager (Male) |
| 3:34 | Create | Villager (Male) |
| 3:50 | Create | Villager (Male) |
| 3:52 | Build | House |
| 4:08 | Create | Villager (Male) |
| 4:38 | Create | Villager (Male) |
| 4:40 | Create | Villager (Male) |
| 5:08 | Build | Mill |
| 5:11 | Create | Villager (Male) |
| 5:24 | Create | Villager (Male) |
| 5:31 | Build | Mill |
| 5:35 | Build | Mill |
| 5:36 | Create | Villager (Male) |
| 5:53 | Create | Villager (Male) |
| 6:03 | Create | Villager (Male) |
| 6:05 | Create | Villager (Male) |
| 6:26 | Build | House |
| 6:30 | Create | Villager (Male) |
| 7:02 | Create | Villager (Male) |
| 7:32 | Create | Villager (Male) |
| 7:48 | Research | Feudal Age |
| 7:48 | Research | Feudal Age |
| 7:48 | Research | Feudal Age |
| 7:48 | Research | Feudal Age |
| 7:48 | Research | Feudal Age |
| 7:54 | Build | Mining Camp |
| 8:18 | Create | Villager (Male) |
| 10:07 | Create | Villager (Male) |
| 10:07 | Age | Feudal Age |
| 10:12 | Build | Market |
| 10:21 | Build | Blacksmith |
| 10:21 | Create | Villager (Male) |
| 11:22 | Research | Castle Age |
| 11:22 | Research | Castle Age |
| 11:22 | Research | Castle Age |
| 11:22 | Research | Castle Age |
| 12:13 | Research | Horse Collar |
| 12:13 | Research | Horse Collar |
| 12:24 | Build | Farm |
| 12:26 | Build | Farm |
| 12:31 | Build | Farm |
| 12:32 | Build | Farm |
| 12:36 | Research | Double-Bit Axe |
| 12:36 | Research | Double-Bit Axe |
| 12:46 | Build | Farm |
| 12:49 | Build | Farm |
| 13:08 | Build | Lumber Camp |
| 13:11 | Build | House |
Build order — Peripatetic Punani
60 actions detected in the replay
| 0:03 | Create | Villager (Male) |
| 0:03 | Create | Villager (Male) |
| 0:03 | Create | Villager (Male) |
| 0:03 | Create | Villager (Male) |
| 0:04 | Build | House |
| 0:06 | Build | House |
| 1:18 | Build | Lumber Camp |
| 1:40 | Create | Villager (Male) |
| 1:41 | Create | Villager (Male) |
| 2:10 | Create | Villager (Male) |
| 2:10 | Create | Villager (Male) |
| 2:27 | Create | Villager (Male) |
| 2:27 | Create | Villager (Male) |
| 3:01 | Create | Villager (Male) |
| 3:01 | Create | Villager (Male) |
| 3:12 | Create | Villager (Male) |
| 3:16 | Build | House |
| 3:48 | Create | Villager (Male) |
| 3:48 | Create | Villager (Male) |
| 3:55 | Create | Villager (Male) |
| 4:19 | Build | Mill |
| 4:34 | Create | Villager (Male) |
| 4:34 | Create | Villager (Male) |
| 5:10 | Create | Villager (Male) |
| 5:10 | Create | Villager (Male) |
| 5:10 | Create | Villager (Male) |
| 5:11 | Create | Villager (Male) |
| 5:16 | Create | Villager (Male) |
| 5:27 | Build | House |
| 5:54 | Create | Villager (Male) |
| 5:54 | Create | Villager (Male) |
| 6:18 | Create | Villager (Male) |
| 6:27 | Create | Villager (Male) |
| 6:27 | Create | Villager (Male) |
| 7:04 | Create | Villager (Male) |
| 7:04 | Create | Villager (Male) |
| 7:45 | Build | House |
| 7:46 | Build | House |
| 7:50 | Create | Villager (Male) |
| 8:23 | Create | Villager (Male) |
| 8:24 | Create | Villager (Male) |
| 8:27 | Build | Lumber Camp |
| 8:47 | Build | Farm |
| 8:58 | Build | Farm |
| 9:12 | Build | House |
| 9:16 | Build | Mining Camp |
| 9:34 | Build | Farm |
| 9:38 | Create | Villager (Male) |
| 9:42 | Build | Farm |
| 9:55 | Build | House |
| 10:08 | Research | Feudal Age |
| 10:08 | Research | Feudal Age |
| 10:11 | Create | Villager (Male) |
| 10:16 | Build | Farm |
| 10:56 | Build | Mining Camp |
| 11:48 | Build | Farm |
| 12:05 | Create | Villager (Male) |
| 12:05 | Create | Villager (Male) |
| 12:20 | Age | Feudal Age |
| 12:45 | Create | Villager (Male) |
Build order — DL | Lich
60 actions detected in the replay
| 0:04 | Create | Villager (Male) |
| 0:05 | Build | House |
| 0:08 | Build | House |
| 0:15 | Create | Villager (Male) |
| 0:15 | Create | Villager (Male) |
| 0:16 | Create | Villager (Male) |
| 1:49 | Create | Villager (Male) |
| 1:49 | Create | Villager (Male) |
| 2:08 | Create | Villager (Male) |
| 2:10 | Build | Lumber Camp |
| 2:31 | Create | Villager (Male) |
| 3:00 | Create | Villager (Male) |
| 3:23 | Create | Villager (Male) |
| 3:24 | Create | Villager (Male) |
| 3:38 | Build | House |
| 3:43 | Create | Villager (Male) |
| 3:57 | Build | Mill |
| 4:21 | Create | Villager (Male) |
| 4:28 | Create | Villager (Male) |
| 4:58 | Create | Villager (Male) |
| 5:20 | Create | Villager (Male) |
| 5:20 | Create | Villager (Male) |
| 5:21 | Create | Villager (Male) |
| 5:25 | Research | Loom |
| 5:25 | Research | Loom |
| 6:57 | Research | Feudal Age |
| 6:57 | Research | Feudal Age |
| 7:10 | Build | Mining Camp |
| 7:43 | Create | Villager (Male) |
| 7:50 | Build | House |
| 7:51 | Build | House |
| 8:15 | Age | Feudal Age |
| 8:17 | Build | Watch Tower |
| 8:20 | Research | Double-Bit Axe |
| 8:20 | Research | Double-Bit Axe |
| 8:38 | Create | Villager (Male) |
| 8:38 | Create | Villager (Male) |
| 9:04 | Create | Villager (Male) |
| 9:09 | Build | Farm |
| 9:35 | Create | Villager (Male) |
| 9:58 | Build | Farm |
| 10:00 | Create | Villager (Male) |
| 10:08 | Build | Farm |
| 10:22 | Create | Villager (Male) |
| 10:35 | Research | Horse Collar |
| 10:35 | Research | Horse Collar |
| 10:35 | Research | Horse Collar |
| 11:11 | Create | Villager (Male) |
| 11:24 | Create | Villager (Male) |
| 11:30 | Build | Farm |
| 11:31 | Build | Farm |
| 11:49 | Create | Villager (Male) |
| 11:53 | Build | Farm |
| 12:10 | Build | Palisade Wall |
| 12:18 | Create | Villager (Male) |
| 12:21 | Build | Farm |
| 12:36 | Build | Watch Tower |
| 12:45 | Create | Villager (Male) |
| 13:04 | Build | Mill |
| 13:06 | Create | Villager (Male) |
Match timeline
| 2:13 | Jaxto · wall_segment Palisade Wall x3 |
| 2:18 | Jaxto · wall_segment Palisade Wall x6 |
| 8:11 | Alex Kriz Froz · age_up feudal |
| 8:15 | DL | Lich · age_up feudal |
| 9:00 | vR-MrReD · age_up feudal |
| 9:11 | Alex Kriz Froz · wall_segment Stone Wall x1 |
| 9:12 | Alex Kriz Froz · wall_segment Stone Wall x1 |
| 9:46 | Jaxto · age_up feudal |
| 10:07 | Nedture · age_up feudal |
| 10:24 | Alex Kriz Froz · wall_segment Stone Wall x1 |
| 10:27 | Alex Kriz Froz · wall_segment Stone Wall x1 |
| 10:31 | Alex Kriz Froz · wall_segment Stone Wall x1 |
| 10:34 | Alex Kriz Froz · wall_segment Stone Wall x1 |
| 10:56 | DL | Tortafuller · age_up feudal |
| 11:13 | Nubsinc · resign |
| 12:10 | DL | Lich · wall_segment Palisade Wall x1 |
| 12:20 | Peripatetic Punani · age_up feudal |
| 13:02 | vR-MrReD · wall_segment Palisade Wall x5 |
[ AI ANALYSIS · 1 CREDIT ]
What really happened in this match?
Wolo.gg analyzes every decision: build order, eco, micro, common mistakes by bracket. Personalized analysis on WhatsApp or Discord in 30 seconds.
Civ guide
Khmer
Map guide
Arena
Perfil
Jugador #5540767